Map: [ESL] Oceanborn

Players

MaNa - Winner!

  • Race: Protoss Protoss
  • Spawn Location: 5:00

ShaDoWn

  • Race: Protoss Protoss
  • Spawn Location: 11:00

Event: ESL SC2 Masters 2024 Spring (Regional)

VOD

Have the link to the VOD?

Description

Time

  • Played on: April 21, 2024, 9:52 a.m.
  • Length: 4:56

All games in this series

Show
View Real Time Build Order
Export as new Build Order

MaNa Protoss - Winner!

Build Orders:  

Get SALT Encoding   

  12  0:00  Probe  
  13  0:12  Probe  
  14  0:17  Pylon  
  14  0:24  Probe (Chrono Boost)  
  15  0:36  Probe (Chrono Boost)  
  15  0:37  Gateway  
  16  0:43  Probe (Chrono Boost)  
  16  0:46  Assimilator  
  17  0:51  Probe  
  18  1:03  Probe (Chrono Boost)  
  19  1:04  Assimilator  
  19  1:10  Gateway  
  19  1:12  Probe (Chrono Boost)  
  19  1:17  Probe (Chrono Boost)  
  21  1:25  Cybernetics Core  
  21  1:29  Probe  
  22  1:36  Pylon  
  22  1:41  Probe  
  23  1:54  Probe  
  24  2:01  Adept  
  24  2:02  Warp Gate, Adept  
  24  2:06  Probe  
  29  2:10  Pylon  
  29  2:31  Sentry x2  
  33  2:40  Nexus  
  33  2:42  Probe  
  34  2:50  Shield Battery  
  34  2:54  Sentry, Probe  
  37  3:02  Stalker  
  39  3:09  Pylon  
  39  3:27  Probe  
  39  3:30  Gateway  
  38  3:40  Probe  
  39  3:51  Stalker x2  
  39  3:52  Probe  
  44  3:59  Probe  
  44  4:02  Pylon  
  45  4:08  Stalker x2  
  49  4:15  Probe  
  44  4:28  Stalker x2  
  44  4:29  Stalker  
  42  4:51  Stalker x2  
Show
View Real Time Build Order
Export as new Build Order

ShaDoWn Protoss 

Build Orders: Oracle Opening 

Get SALT Encoding   

  12  0:00  Probe  
  13  0:12  Probe  
  14  0:20  Pylon  
  14  0:24  Probe  
  15  0:37  Gateway  
  15  0:38  Probe (Chrono Boost)  
  16  0:44  Assimilator  
  16  0:48  Probe (Chrono Boost)  
  17  0:52  Probe (Chrono Boost)  
  18  1:04  Probe (Chrono Boost)  
  18  1:05  Assimilator  
  19  1:11  Gateway  
  19  1:13  Probe (Chrono Boost)  
  20  1:18  Probe (Chrono Boost)  
  20  1:24  Cybernetics Core  
  21  1:30  Probe  
  22  1:38  Pylon  
  22  1:42  Probe  
  23  2:00  Stargate  
  23  2:01  Adept  
  26  2:07  Warp Gate  
  27  2:09  Probe  
  28  2:21  Probe  
  29  2:24  Pylon  
  27  2:40  Probe  
  27  2:41  Oracle (Chrono Boost)  
  30  2:53  Nexus  
  30  3:00  Probe  
  30  3:04  Shield Battery  
  31  3:10  Oracle (Chrono Boost)  
  31  3:12  Probe  
  35  3:24  Probe  
  34  3:28  Twilight Council  
  34  3:36  Probe  
  35  3:44  Pylon  
  35  3:48  Probe  
  35  3:50  Pylon  
  35  3:55  Stalker  
  38  4:00  Probe  
  39  4:05  Probe  
  40  4:11  Stalker  
  40  4:12  Probe  
  43  4:23  Pylon, Shield Battery, Probe  
  33  4:41  Probe  
Tags
 
Add a new tag
Caveats
  • Supply blocks, unpowered buildings, or Contaminate may cause inaccurate times.
  • Supply counts are checked every 10 seconds.